[Event "ROU-ch Open 2021"]
[Site "Iasi"]
[Date "2021.04.24"]
[Round "8.19"]
[White "Negrean, Andrei"]
[Black "Martian, Dragos-Daniel"]
[Result "0-1"]
[ECO "B42"]
[WhiteElo "1904"]
[BlackElo "2198"]
[Annotator "NA"]
[PlyCount "196"]
[EventDate "2021.04.19"]
[EventType "swiss"]
[EventCountry "ROU"]
[SourceTitle "playchess.com"]
[Source "ChessBase"]
[SourceQuality "1"]
[TimeControl "5400+30"]

1. e4 c5 2. Nf3 e6 3. d4 cxd4 4. Nxd4 a6 5. Bd3 Nc6 6. Nxc6 dxc6 7. O-O e5 8. a4 a5 9. Be3 Nf6 10. f3 Be6 11. Nd2 Bd6 12. Qe2 Qe7 13. Nc4 Bxc4 14. Bxc4 O-O 15. Bg5 h6 16. Bh4 Rfd8 17. Rae1 Bc5+ 18. Kh1 g5 19. Bf2 Bxf2 20. Qxf2 Qb4 21. Bb3 c5 22. Qe2 Rd2 23. Qe3 Rad8 24. Qc3 Qxc3 25. bxc3 Nd7 26. Rd1 Nb6 27. Bd5 Rxd1 28. Rxd1 Rd7 29. c4 Nxc4 30. Rb1 Nd6 31. Kg1 Kf8 32. c4 Ke7 33. Kf2 Kd8 34. h4 gxh4 35. Rh1 Nc8 36. Rxh4 Rd6 37. Rh1 Rb6 38. Bxf7 Rb4 39. Rxh6 Rxa4 40. g4 Ra2+ 41. Kg3 Ra1 42. Rh8+ Kc7 43. Be6 Ne7 44. Ra8 a4 45. g5 a3 46. Bf5 b5 47. cxb5 Kb7 48. Ra4 c4 49. Be6 c3 50. Bb3 Kb6 51. Rc4 Kxb5 52. Rxc3 Kb4 53. Rd3 Ng6 54. Kh2 Nf4 55. Re3 a2 56. Bxa2 Rxa2+ 57. Kh1 Rg2 58. Re1 Rxg5 59. Re3 Kc4 60. Ra3 Kd4 61. Kh2 Rg2+ 62. Kh1 Rd2 63. Kg1 Nd3 64. Kh1 Ke3 65. f4 Kxf4 66. Ra4 Kg3 67. Ra1 Kf4 68. Ra4 Nc5 69. Ra8 Nxe4 70. Rf8+ Ke3 71. Re8 Nf2+ 72. Kg2 e4 73. Kf1 Nd3 74. Rh8 Nf4 75. Ke1 Ra2 76. Kd1 Ra1+ 77. Kc2 Kf3 78. Rb8 e3 79. Rb3 Kf2 80. Rb4 Ng2 81. Rb8 e2 82. Rf8+ Kg1 83. Re8 e1=Q 84. Rxe1+ Rxe1 85. Kd3 Kf2 86. Kd4 Nf4 87. Kc5 Rd1 88. Kc4 Ke3 89. Kc5 Ke4 90. Kc6 Rd5 91. Kb6 Kd4 92. Kc6 Kc4 93. Kb6 Rc5 94. Kb7 Kb5 95. Ka7 Rc7+ 96. Ka8 Kb6 97. Kb8 Rc1 98. Ka8 Rc8# 0-1

[Event "ROU-ch Open 2021"]
[Site "Iasi"]
[Date "2021.04.24"]
[Round "8.20"]
[White "Magold, Filip"]
[Black "Panc, Samuel"]
[Result "1-0"]
[ECO "B28"]
[WhiteElo "2065"]
[BlackElo "1937"]
[Annotator "NA"]
[PlyCount "57"]
[EventDate "2021.04.19"]
[EventType "swiss"]
[EventCountry "ROU"]
[SourceTitle "playchess.com"]
[Source "ChessBase"]
[SourceQuality "1"]
[TimeControl "5400+30"]

1. e4 c5 2. Nf3 a6 3. c3 d5 4. exd5 Qxd5 5. d4 e6 6. Be3 cxd4 7. cxd4 Nc6 8. Nc3 Qd8 9. a3 Nf6 10. Bd3 h6 11. O-O Ne7 12. Ne5 g6 13. Qf3 Bg7 14. Rfe1 O-O 15. Bxh6 Qxd4 16. Rad1 Qa7 17. h4 b5 18. Ne4 Nxe4 19. Bxe4 Rb8 20. Rd8 f5 21. Rxf8+ Kxf8 22. Bxg7+ Kxg7 23. Qc3 Kg8 24. Rd1 Qb6 25. Bf3 a5 26. b4 axb4 27. axb4 Kf8 28. h5 g5 29. h6 1-0

[Event "ROU-ch Open 2021"]
[Site "Iasi"]
[Date "2021.04.25"]
[Round "9.9"]
[White "Ghimpu, Samuel-Timotei"]
[Black "Jianu, Vlad-Cristian"]
[Result "1/2-1/2"]
[ECO "C18"]
[WhiteElo "2315"]
[BlackElo "2532"]
[Annotator "RC"]
[PlyCount "38"]
[EventDate "2021.04.19"]
[EventType "swiss"]
[EventCountry "ROU"]
[SourceTitle "playchess.com"]
[Source "ChessBase"]
[SourceQuality "1"]
[TimeControl "5400+30"]

1. e4 e6 2. d4 d5 3. Nc3 Bb4 4. e5 c5 5. a3 Bxc3+ 6. bxc3 Qa5 7. Bd2 Qa4 8. Qb1 c4 9. Ne2 Nc6 10. Nf4 Nge7 11. Nh5 Rg8 12. Be2 Bd7 13. O-O O-O-O 14. Bg4 Rdf8 15. Re1 Kb8 16. Bh3 Ka8 17. f4 Bc8 18. Kh1 h6 19. Re2 b5 1/2-1/2

[Event "ROU-ch Open 2021"]
[Site "Iasi"]
[Date "2021.04.25"]
[Round "9.11"]
[White "Albu, George"]
[Black "Zubcu, Vlad-George"]
[Result "1-0"]
[ECO "E25"]
[WhiteElo "2050"]
[BlackElo "2168"]
[Annotator "ChessBase"]
[PlyCount "57"]
[EventDate "2021.04.19"]
[EventType "swiss"]
[EventCountry "ROU"]
[SourceTitle "playchess.com"]
[Source "ChessBase"]
[SourceQuality "1"]
[TimeControl "5400+30"]

1. d4 Nf6 2. c4 e6 3. Nc3 Bb4 4. f3 d5 5. a3 Bxc3+ 6. bxc3 c5 7. cxd5 exd5 8. e3 c4 9. g4 Nc6 10. Ne2 Na5 11. Bg2 Nb3 12. Rb1 O-O 13. O-O b5 14. e4 Ne8 15. Be3 a5 16. Ng3 Nc7 17. e5 Ra6 18. f4 b4 19. axb4 axb4 20. cxb4 Qe7 21. f5 Qxb4 22. f6 Qc3 23. Qe2 Nxd4 24. Qf2 Nde6 25. Nf5 g6 26. Qh4 Qxe5 27. Rbe1 Qb2 28. Rf3 Ra2 29. Qxh7+ 1-0

[Event "ROU-ch Open 2021"]
[Site "Iasi"]
[Date "2021.04.25"]
[Round "9.12"]
[White "Filip, Andrei (L.)"]
[Black "Ignat, Matei-Marius"]
[Result "1/2-1/2"]
[ECO "C07"]
[WhiteElo "2168"]
[BlackElo "1978"]
[Annotator "ChessBase"]
[PlyCount "81"]
[EventDate "2021.04.19"]
[EventType "swiss"]
[EventCountry "ROU"]
[SourceTitle "playchess.com"]
[Source "ChessBase"]
[SourceQuality "1"]
[TimeControl "5400+30"]

1. e4 e6 2. d4 d5 3. Nd2 c5 4. exd5 Qxd5 5. Ngf3 cxd4 6. Bc4 Qd6 7. O-O Nf6 8. Re1 Nc6 9. Nb3 Be7 10. Nbxd4 Nxd4 11. Nxd4 O-O 12. c3 Qc7 13. Bf1 b6 14. Bg5 Bb7 15. Bh4 Rad8 16. Qe2 Nd5 17. Bg3 Qc8 18. Rad1 a6 19. Qc2 Rfe8 20. Be2 Nf6 21. Bf3 Bc5 22. Bxb7 Qxb7 23. Nf3 b5 24. Be5 Rxd1 25. Rxd1 Ne4 26. Bd4 h6 27. Bxc5 Nxc5 28. h3 Qc7 29. b3 Nd7 30. Qd3 Nb6 31. Qd6 Rc8 32. Qxc7 Rxc7 33. Rd8+ Kh7 34. Rd6 Nd5 35. c4 bxc4 36. bxc4 Rxc4 37. Rxa6 Rc1+ 38. Kh2 Rc2 39. Kg3 Nb4 40. Ra7 f6 41. Nd4 1/2-1/2

[Event "ROU-ch Open 2021"]
[Site "Iasi"]
[Date "2021.04.25"]
[Round "9.17"]
[White "Nechita, Vlad-Mihai"]
[Black "Martian, Dragos-Daniel"]
[Result "0-1"]
[ECO "A47"]
[WhiteElo "1893"]
[BlackElo "2198"]
[Annotator "ChessBase"]
[PlyCount "98"]
[EventDate "2021.04.19"]
[EventType "swiss"]
[EventCountry "ROU"]
[SourceTitle "playchess.com"]
[Source "ChessBase"]
[SourceQuality "1"]
[TimeControl "5400+30"]

1. d4 Nf6 2. Bf4 e6 3. Nf3 b6 4. e3 Bb7 5. Bd3 c5 6. c3 Be7 7. Nbd2 cxd4 8. exd4 O-O 9. O-O d6 10. Ng5 e5 11. Bg3 h6 12. Nge4 Nxe4 13. Nxe4 f5 14. Nxd6 Qxd6 15. Bxe5 Qc6 16. Qb3+ Kh8 17. f3 Nd7 18. Bb5 Qc8 19. Bxg7+ Kxg7 20. Qe6 Qd8 21. Rfe1 Bh4 22. g3 Qg5 23. Bxd7 Bxg3 24. Qe7+ Rf7 25. Qxg5+ hxg5 26. hxg3 Rxd7 27. Kf2 g4 28. fxg4 fxg4 29. Re5 Rf7+ 30. Ke2 Raf8 31. d5 Rf5 32. Re7+ R8f7 33. Rxf7+ Kxf7 34. c4 Ba6 35. b3 Rxd5 36. Rf1+ Ke6 37. Rf4 Rg5 38. Kd3 Bb7 39. b4 Bf3 40. Rd4 Rg7 41. Ke3 Rd7 42. Rxd7 Kxd7 43. Kf4 Be2 44. a3 Kd6 45. Kf5 Kc6 46. Kg5 Bxc4 47. Kxg4 Kb5 48. Kf5 Ka4 49. g4 Kxa3 0-1

[Event "ROU-ch Open 2021"]
[Site "Iasi"]
[Date "2021.04.25"]
[Round "9.18"]
[White "Nastore, Pavel-Alexandru"]
[Black "Ciorgovean, Iustin"]
[Result "1/2-1/2"]
[ECO "B96"]
[WhiteElo "2256"]
[BlackElo "2338"]
[Annotator "RC"]
[PlyCount "91"]
[EventDate "2021.04.19"]
[EventType "swiss"]
[EventCountry "ROU"]
[SourceTitle "playchess.com"]
[Source "ChessBase"]
[SourceQuality "1"]
[TimeControl "5400+30"]

1. e4 c5 2. Nf3 d6 3. d4 cxd4 4. Nxd4 Nf6 5. Nc3 a6 6. Bg5 e6 7. f4 h6 8. Bh4 Qb6 9. a3 Nbd7 10. Bc4 Be7 11. Bf2 Qc7 12. Bxe6 fxe6 13. Nxe6 Qc4 14. Nxg7+ Kf8 15. Nf5 Nxe4 16. Qd4 Qxd4 17. Bxd4 Nef6 18. O-O-O Rh7 19. Rhe1 b5 20. h3 h5 21. g4 hxg4 22. hxg4 Nxg4 23. Nd5 Bh4 24. Nxh4 Rxh4 25. Nc7 Bb7 26. Nxa8 Bxa8 27. Bg7+ Kxg7 28. Re7+ Kf6 29. Rxd7 Kf5 30. R7xd6 Be4 31. b3 Ne3 32. Re1 Ng2 33. Red1 Kxf4 34. Rxa6 Ne3 35. Re1 Rh2 36. Rf6+ Nf5 37. Rxe4+ Kxe4 38. a4 bxa4 39. bxa4 Nd4 40. Kb1 Rxc2 41. a5 Kd3 42. a6 Kc3 43. Rb6 Re2 44. a7 Re1+ 45. Ka2 Re2+ 46. Kb1 1/2-1/2

[Event "ROU-ch Open 2021"]
[Site "Iasi"]
[Date "2021.04.25"]
[Round "9.20"]
[White "Gheorghiu, Calin"]
[Black "Bonciu, David"]
[Result "1-0"]
[ECO "D90"]
[WhiteElo "2283"]
[BlackElo "2016"]
[Annotator "RC"]
[PlyCount "45"]
[EventDate "2021.04.19"]
[EventType "swiss"]
[EventCountry "ROU"]
[SourceTitle "playchess.com"]
[Source "ChessBase"]
[SourceQuality "1"]
[TimeControl "5400+30"]

1. c4 g6 2. d4 Nf6 3. Nf3 Bg7 4. e3 O-O 5. Be2 d5 6. cxd5 Nxd5 7. e4 Nb6 8. Nc3 Bg4 9. Be3 Bxf3 10. Bxf3 e5 11. d5 N8d7 12. Qb3 a5 13. O-O Qe7 14. Nb5 Rfc8 15. Bg4 a4 16. Qd3 f5 17. exf5 Qb4 18. f6 Qxg4 19. fxg7 Qf5 20. Qd2 Nc4 21. Qb4 Qg4 22. f3 Qh4 23. g3 1-0